Map: Thunderbird LE

Players

EGDisruptor (goblin)

  • Race: Protoss Protoss
  • Spawn Location: 5:00

Stats - Winner!

  • Race: Protoss Protoss
  • Spawn Location: 11:00

Event: NationWars 2019

VOD

Have the link to the VOD?

Description

Time

  • Played on: Oct. 4, 2019, 1:42 p.m.
  • Length: 9:21
Show
View Real Time Build Order
Export as new Build Order

EGDisruptor Protoss 

Build Orders:  

Get SALT Encoding   

  12  0:00  Probe  
  13  0:12  Probe  
  14  0:17  Pylon  
  14  0:24  Probe (Chrono Boost)  
  16  0:37  Probe (Chrono Boost)  
  16  0:38  Gateway  
  16  0:43  Probe (Chrono Boost)  
  16  0:45  Assimilator  
  17  0:51  Probe  
  17  0:53  Assimilator  
  18  1:03  Probe (Chrono Boost)  
  19  1:11  Gateway  
  19  1:12  Probe (Chrono Boost)  
  19  1:17  Probe (Chrono Boost)  
  20  1:25  Cybernetics Core  
  21  1:31  Probe  
  22  1:36  Pylon  
  22  1:43  Probe  
  23  2:01  Stargate  
  23  2:04  Adept x2  
  23  2:07  Warp Gate  
  27  2:16  Pylon  
  27  2:34  Adept x2  
  31  2:41  Void Ray (Chrono Boost)  
  31  2:51  Pylon  
  33  3:06  Pylon  
  33  3:14  Void Ray (Chrono Boost)  
  37  3:36  Gateway  
  37  3:50  Void Ray (Chrono Boost)  
  41  3:56  Adept x2  
  45  4:03  Pylon  
  45  4:30  Void Ray (Chrono Boost)  
  49  4:42  Stalker x3  
  35  5:27  Zealot x2  
  36  5:48  Probe  
  37  5:54  Stalker  
  37  5:55  Stalker  
  41  6:00  Probe  
  38  6:13  Void Ray (Chrono Boost)  
  38  6:29  Probe  
  37  6:47  Zealot  
  37  6:49  Void Ray  
  37  6:54  Zealot  
  45  6:58  Pylon  
  45  7:20  Zealot x2  
  49  7:24  Adept  
  45  7:46  Probe (Chrono Boost)  
  46  7:56  Probe (Chrono Boost)  
  47  8:00  Pylon, Sentry  
  47  8:01  Probe (Chrono Boost)  
  50  8:13  Probe  
  50  8:18  Stalker  
  53  8:25  Probe  
  54  8:41  Void Ray (Chrono Boost)  
Show
View Real Time Build Order
Export as new Build Order

Stats Protoss - Winner!

Build Orders:  

Get SALT Encoding   

  12  0:01  Probe  
  13  0:13  Probe  
  14  0:18  Pylon  
  14  0:25  Probe (Chrono Boost)  
  15  0:36  Gateway  
  15  0:37  Probe (Chrono Boost)  
  16  0:45  Probe (Chrono Boost)  
  16  0:46  Assimilator  
  17  0:51  Probe  
  17  0:54  Assimilator  
  18  1:03  Probe (Chrono Boost)  
  19  1:07  Gateway  
  19  1:14  Probe (Chrono Boost)  
  20  1:19  Probe (Chrono Boost)  
  20  1:23  Cybernetics Core  
  21  1:29  Probe  
  22  1:34  Pylon  
  22  1:42  Probe  
  23  1:54  Probe  
  24  1:58  Warp Gate (Chrono Boost)  
  24  2:01  Stalker x2  
  28  2:06  Probe  
  29  2:10  Pylon  
  29  2:19  Robotics Facility  
  29  2:33  Stalker  
  29  2:35  Stalker  
  33  2:45  Pylon  
  33  2:51  Gateway  
  33  3:07  Stalker x2  
  35  3:21  Warp Prism (Chrono Boost)  
  35  3:32  Shield Battery  
  35  3:46  Stalker, Sentry  
  39  3:49  Stalker  
  41  4:00  Observer  
  42  4:02  Pylon  
  42  4:09  Stalker  
  44  4:14  Shield Battery  
  44  4:19  Stalker  
  46  4:28  Stalker  
  48  4:39  Stalker  
  48  4:42  Pylon  
  50  4:57  Stalker x2  
  40  5:07  Stalker  
  39  5:17  Probe  
  40  5:27  Pylon  
  40  5:35  Stalker  
  42  5:36  Observer  
  42  5:40  Stalker  
  44  5:43  Probe  
  44  5:48  Stalker  
  47  6:08  Stalker x2  
  41  6:12  Observer  
  41  6:14  Stalker x2  
  41  6:15  Stalker  
  41  6:28  Immortal (Chrono Boost)  
  43  6:38  Sentry  
  45  6:43  Adept x2  
  49  6:48  Pylon  
  49  7:07  Adept x2  
  53  7:13  Stalker  
  55  7:33  Adept x2  
  59  7:40  Stalker  
  59  7:44  Observer  
  57  7:53  Adept  
  57  7:56  Adept  
  61  8:00  Sentry  
  61  8:03  Pylon  
  61  8:04  Warp Prism  
  65  8:27  Adept x3  
Tags
 
Add a new tag
Caveats
  • Supply blocks, unpowered buildings, or Contaminate may cause inaccurate times.
  • Supply counts are checked every 10 seconds.